 Dungeon Crawl Stone Soup version 0.32-a0-599-gba8f9cf90e (webtiles) character file.

Game seed: 5591971572602552268

24 runemasterragnar the Changeling (level 2, 0/34 HPs)
             Began as a Draconian Shapeshifter on Mar 2, 2024.
             Slain by a bat (1 damage)
             ... on level 2 of the Dungeon.
             The game lasted 00:01:08 (795 turns).

runemasterragnar the Changeling (DrSh)               Turns: 795, Time: 00:01:09

Health: 0/34       AC: 21    Str: 14 (16) XL:     2   Next: 79%
Magic:  2/2        EV:  2    Int:  9 (10) God:
Gold:   44         SH:  0    Dex:  9 (10) Spells: 1/1 levels left

rFire   . .          .
                       - Unarmed
rCold   . . .        (no shield)
rNeg    . . .        (body armour unavailable)
rPois   +            (helmet currently unavailable)
rElec   .            (cloak currently unavailable)
rCorr   .            (gloves currently unavailable)
SInv    .            (boots currently unavailable)
Will    .....        (no amulet)
Stlth   +            (no ring)
HPRegen 0.25/turn    (no ring)
MPRegen 0.08/turn

%: no passive effects
@: tree-form, constricted
A: stationary, stasis, torment immunity, boosted hp, AC +4, unfitting armour,
(cold-blooded)
a: no special abilities


You were on level 2 of the Dungeon.
You were a tree.
You visited 1 branch of the dungeon, and saw 2 of its levels.

You collected 44 gold pieces.

Inventory:

Jewellery
 g - a +6 ring of dexterity
Talismans
 b - a beast talisman
 c - a flux talisman (active)
Potions
 a - a potion of mutation


   Skills:
 + Level 1.6 Fighting
 + Level 2.0 Dodging
 * Level 3.3 Unarmed Combat
 * Level 3.3 Shapeshifting


You had one spell level left.
You didn't know any spells.
Your spell library was empty.

Dungeon Overview and Level Annotations

Branches:
Dungeon (2/15)

Altars:


Innate Abilities, Weirdness & Mutations

You are a tree.
Your roots penetrate the ground, keeping you stationary.
You cannot be teleported.
You are immune to unholy pain and torment.
Your maximum health is greatly increased.
Your equipment is partially melded.
((Your plain brown scales are hard. (AC +4)))
You cannot fit into any form of body armour.
((You are cold-blooded and may be slowed by cold attacks.))


Message History

The adder bites you but does no damage.
You hit the ball python but do no damage.
The ball python begins to glow.
The bat hits you but does no damage. The ball python barely misses you.
The ball python constricts you. The adder bites you.
Unknown command.
Press < or > to pray at altars.
The ball python's grasp on you weakens, but your attempt to escape fails.
The ball python closely misses you. The ball python constricts you.
The adder bites you.
* * * LOW HITPOINT WARNING * * *
The bat hits you but does no damage.
The ball python's grasp on you weakens, but your attempt to escape fails.
The bat hits you.
* * * LOW HITPOINT WARNING * * *
The adder bites you but does no damage.
The ball python bites you but does no damage.
The ball python constricts you.
* * * LOW HITPOINT WARNING * * *
The bat hits you but does no damage. x2
The ball python bites you but does no damage.
The ball python constricts you. The adder bites you.
* * * LOW HITPOINT WARNING * * *
Your transformation has ended.
You turn into a tree.
Your roots penetrate the ground.
The bat hits you but does no damage. The adder bites you but does no damage.
The ball python completely misses you. The ball python constricts you.
* * * LOW HITPOINT WARNING * * *
Unknown command.
Press < or > to pray at altars.
It was a potion of degeneration.
There was something very wrong with that liquid.
You feel weakened.
You feel dopey.
You feel clumsy. The adder bites you but does no damage.
The ball python bites you but does no damage.
The ball python constricts you.
You hit the ball python.
The ball python is severely wounded.
The bat hits you.
You die...

,,,,**,*
#.#.............#****
,*,,**,*
#...............#,,,,
,,,,,,,*
#######)........#,,,,
**,,,,,*
#ß$.*,#.........#,,,,
**,***,*
#.#.*^#.........#,,,, ,,,*
*,**####...,,#.........#,,,,
,***
*,,*#......*,#.........#,,,,
,*
**,,#.#...S###.........#,,,,
,*
**,......b♣...........#,,,,
,*
**###...S###.........#,,,,
,* #....*,#......(..#,,,, ,*
##...,,###########**,, ,*
#^#.*^*,,,*** *,, ,*
#ß..*,***,,,** *,, ,*
#*##***,,,,,,* *,, **
*,,,,,,,,,* *,, *,,,,,,,,,*
*,,


You could see an adder, a bat and a ball python (contam).

Vanquished Creatures
  2 dart slugs (D:1)
  A bat (D:1)
  2 endoplasms (D:1)
  A giant cockroach (D:1)
  2 goblins (D:1)
  2 hobgoblins
  2 frilled lizards (D:1)
  4 kobolds
  5 rats
21 creatures vanquished.

Notes
Turn   | Place    | Note
-------+----------+-------------------------------------------
     0 | D:1      | runemasterragnar the Draconian Shapeshifter began the quest
                  | for the Orb.
     0 | D:1      | Reached XP level 1. HP: 16/16 MP: 1/1
    11 | D:1      | Noticed a rime drake
    11 | D:1      | Noticed a hound
    11 | D:1      | Noticed a komodo dragon
    12 | D:1      | Noticed a black bear
    12 | D:1      | Noticed a killer bee
   241 | D:1      | Reached XP level 2. HP: 14/23 MP: 2/2
   775 | D:2      | Found a faded altar of an unknown god.
   793 | D:2      | HP: 1/34 [constriction (1)]
   795 | D:2      | Slain by a bat

Illustrated notes

Levels and vault maps discovered:
D:1:      onia_arrival_zoo_common, layout_rooms
D:2:      kennysheep_the_goblin_king, layout_basic,
          shapermc_ecumenical_altar_mp_highgroup, chequers_serial_rivers_micro_b

Skill      XL: |  1  2 |
---------------+-------+-----
Dodging        | 2 |  2.0
Fighting       | |  1.6
Unarmed Combat | |  3.3
Shapeshifting  | |  3.3

Action                     || total
---------------------------++-------
  Melee: Unarmed           ||    66
         Tailslap          ||    14
    Use: Potion            ||     4
         Scroll            ||     3
 Armour: Skin              ||    48
  Dodge: Dodged            ||    46
   Form: Flux              ||     1

Table legend: (Time is in decaauts)
 A = Elapsed time spent in this place.
 B = Non-inter-level travel time spent in this place.
 C = Inter-level travel time spent in this place.
 D = Time resting spent in this place.
 E = Time spent auto-exploring this place.
 F = Levels seen in this place.
 G = Mean time per level.
                   A        B        C        D        E       F      G
               +--------+--------+--------+--------+--------+-----+--------+
         Total |    793 |    780 |     13 |    254 |    371 |   2 |  396.5 |
       Dungeon |    793 |    780 |     13 |    254 |    371 |   2 |  396.5 |
               +--------+--------+--------+--------+--------+-----+--------+

Top non-repeatable levels by time:
     D:1: 740 daAuts
     D:2: 53 daAuts
